 Dungeon Crawl Stone Soup version 0.29-a0-275-g389c0b56f3 (webtiles) character file.

Game seed: 7595257042394167175

1 spaghetti the Skirmisher (level 1, -1/18 HPs)
             Began as a Demonspawn Chaos Knight on Mar 12, 2022.
             Was a Plaything of Xom.
             Constricted to death by an anaconda (glowing shapeshifter) (4 damage)
             ... on level 1 of the Dungeon.
             The game lasted 00:00:12 (149 turns).

spaghetti the Skirmisher (Demonspawn Chaos Knight)   Turns: 149, Time: 00:00:13

Health: -1/18      AC:  5    Str: 12    XL:     1   Next: 16%
Magic:  1/1        EV:  8    Int: 13    God:    Xom [..*...]
Gold:   2          SH:  0    Dex: 12    Spells: 0/0 levels left

rFire   . . .      SeeInvis .   a - +0 falchion (chaos) {long}
rCold   . . .      Faith    .   (no shield)
rNeg    . . .      Spirit   .   b - +2 leather armour
rPois   .          Reflect  .   (no helmet)
rElec   .          Harm     .   (no cloak)
rCorr   .          Rampage  .   (no gloves)
Will    .....                   (no boots)
Stlth   +.........              (no amulet)
HPRegen 0.06/turn               (no ring)
MPRegen 0.07/turn               (no ring)

@: constricted
A: no striking features
a: Renounce Religion


You were on level 1 of the Dungeon.
You worshipped Xom.
You were a toy of Xom.
You visited 1 branch of the dungeon, and saw 1 of its levels.

You collected 2 gold pieces.


   Skills:
 - Level 3.0 Fighting
 - Level 2.6 Long Blades
 - Level 1.7 Armour
 + Level 1.1 Dodging


You couldn't memorise any spells.
You didn't know any spells.
Your spell library was empty.

Inventory:

Hand Weapons
 a - a +0 falchion of chaos (weapon) {long}
Armour
 b - a +2 leather armour (worn)
Scrolls
 d - a scroll of vulnerability {unknown}
Miscellaneous
 c - a piece from Xom's chessboard (13/15) (quivered)

Dungeon Overview and Level Annotations

Branches:
Dungeon (1/15)

Altars:

##.# #.# #.# #.# #.. #.#
#># #.# #.# #.###.###
#.######.##### #........
#.#..........# #..##....
#.#.####.###.# ##..#####
#.#.# ##.## b# #''#
#.#.###...##.### #..#
#.......#..@b..# ###''###
#.#.###....Sbb...##.§§§..#
#.#.# ######.#.####.≈≈§§.#
#.#.# .# # #.≈≈≈≈.# #
#.#.# .# #......# # #)#.#
.# ###''### # #.#.# .#
#<.##### #.#.. .# ####....
#.# #...#...


You could see an anaconda shaped shifter (ally target).


Message History

🤖 Initializing magus.rc ...
Options error: Delay interrupt name "hungry" not recognised. (~/.crawlrc:4761) Options error: Bad monster_list_colour key: strict_neutral (~/.crawlrc:4776) ✅ Successfully initialized magus.rc [v1.9.6] Welcome, spaghetti the Demonspawn Chaos Knight.
Will you be the one to retrieve the transcendent Orb of Zot from the depths?
Xom says: A new plaything!
Press ? for a list of commands and other information.
Found a staircase leading out of the dungeon.
You open the large door.
There is a large open door here.
You open the large door.
There is a large open door here.
You open the large door.
There is a large open door here.
Found a stone staircase leading down.
Xom smirks.
You feel aware of your surroundings.
Unknown command.
Unknown command.
You now have 2 gold pieces.
A quokka comes into view.
A quokka is nearby!
A quokka is nearby!
You hit the quokka. You freeze the quokka.
You kill the quokka!
Your Dodging skill increases to level 1!
No target in view!
Key pressed, stopping explore.
d - a scroll labelled RIMYFF GIPH You see here a +0 dagger {short}.
A quokka comes into view.
You make a move on Xom's chessboard...
The quokka seems to speed up.
The quokka twitches its whiskers.
Unknown command.
Unknown command.
You make a move on Xom's chessboard...
The quokka twists and deforms.
You hit the quokka.
Xom is mildly amused.
Nothing appears to happen.
The quokka bites you but does no damage.
The quokka closely misses you.
You hit the quokka.
The quokka changes into a glowing shapeshifter!
Xom thinks this is hilarious!
The glowing shapeshifter changes into a torpor snail!
You hit the torpor snail but do no damage.
The torpor snail changes into an anaconda!
You closely miss the anaconda. The anaconda barely misses you.
The anaconda bites you. 😕 HP[-1]
You take 1 damage, and now have 17/18 hp.
You closely miss the anaconda. The anaconda barely misses you.
The anaconda bites you!
Ouch! That really hurt!
* * * LOW HITPOINT WARNING * * *
A shower of butterflies erupts from you!
The anaconda grabs you.
The anaconda bites you but does no damage.
The anaconda constricts you.
You die...
Xom thinks this is hilarious!

Skill      XL: |  1 |
---------------+----+-----
Dodging        | 1 |  1.1
Fighting       | |  3.0
Long Blades    | |  2.6
Armour         | |  1.7

Action                   || total
-------------------------++-------
Melee: Falchion          ||     6
Evoke: Piece from Xom's  ||     2
Armor: Leather armour    ||     2
Dodge: Dodged            ||     3

Levels and vault maps discovered:
D:1:      lightli_arrival_lavapool, layout_loops_ring, grunt_decor_junction,
          minmay_misc_feat_encased

Notes
Turn   | Place    | Note
-------+----------+-------------------------------------------
     0 | D:1      | spaghetti the Demonspawn Chaos Knight began the quest for
                  | the Orb.
     0 | D:1      | Reached XP level 1. HP: 18/18 MP: 1/1
     0 | D:1      | magus.rc [v1.9.6]
    18 | D:1      | XOM: divination: magic mapping
    37 | D:1      | Reached skill level 1 in Dodging
   146 | D:1      | Noticed a glowing shapeshifter
   146 | D:1      | a quokka changed into a glowing shapeshifter
   146 | D:1      | Noticed a torpor snail
   146 | D:1      | a glowing shapeshifter changed into a torpor snail
   147 | D:1      | Noticed an anaconda
   147 | D:1      | a torpor snail changed into an anaconda
   149 | D:1      | HP: 3/18 [anaconda (glowing shapeshifter) (15)]
   149 | D:1      | XOM: butterfly on damage
   149 | D:1      | Constricted to death by an anaconda (glowing shapeshifter)

Vanquished Creatures
  A quokka (D:1)
1 creature vanquished.

Table legend:
 A = Non-vault XP
 B = Vault XP
 C = Vault XP percentage of total XP
 D = Non-vault monster count
 E = Vault monster count
 F = Vault count percentage of total count
                 A         B        C        D         E       F
            +---------+---------+-------+---------+---------+-------
      Total |       2 |       0 |   0.0 |       1 |       0 |   0.0
            +---------+---------+-------+---------+---------+-------
        D:1 |       2 |       0 |   0.0 |       1 |       0 |   0.0
            +---------+---------+-------+---------+---------+-------

Illustrated notes

Table legend:
 A = Kills in this place as a percentage of kills in entire the game.
 B = Kills by you in this place as a percentage of kills by you in the entire game.
 C = Kills by friends in this place as a percentage of kills by friends in the entire game.
 D = Other kills in this place as a percentage of other kills in the entire game.
 E = Experience gained in this place as a percentage of experience gained in the entire game.
 F = Experience gained in this place divided by the number of levels of this place that you have seen.
                   A       B       C       D       E      F
               +-------+-------+-------+-------+-------+----------------------
         Total | 100.0 | 100.0 |   N/A |   N/A | 100.0 |   2.0
       Dungeon | 100.0 | 100.0 |   N/A |   N/A | 100.0 |   2.0
               +-------+-------+-------+-------+-------+----------------------

Table legend: (Time is in decaauts)
 A = Elapsed time spent in this place.
 B = Non-inter-level travel time spent in this place.
 C = Inter-level travel time spent in this place.
 D = Time resting spent in this place.
 E = Time spent auto-exploring this place.
 F = Levels seen in this place.
 G = Mean time per level.
                   A        B        C        D        E       F      G
               +--------+--------+--------+--------+--------+-----+--------+
         Total |    149 |    149 |      0 |      0 |    138 |   1 |  149.0 |
       Dungeon |    149 |    149 |      0 |      0 |    138 |   1 |  149.0 |
               +--------+--------+--------+--------+--------+-----+--------+

Top non-repeatable levels by time:
     D:1: 149 daAuts
